 Dungeon Crawl Stone Soup version 0.31.0-32-g396128a36d (webtiles) character file.

Game seed: 3394020287903689512

102047 ioannis32 the Basher (level 16, -7/99 HPs)
             Began as a Gargoyle Reaver on Apr 2, 2024.
             Was the Champion of Kikubaaqudgha.
             Killed by divine providence
             ... invoked by a meliai
              (10 damage)
             ... on level 1 of the Spider Nest on Apr 10, 2024.
             The game lasted 02:40:29 (33869 turns).

ioannis32 the Basher (Gargoyle Reaver)             Turns: 33869, Time: 02:40:29

Health: -7/99      AC: 47    Str: 20    XL:     16   Next: 32%
Magic:  37/38      EV: 18    Int: 24    God:    Kikubaaqudgha [******]
Gold:   1196       SH:  0    Dex: 10    Spells: 22/34 levels left

rFire   . . .        v - +2 morningstar (drain)
rCold   + + .        e - orb {light}
rNeg    + . .        k - +4 ring mail of Xom's Esteem {rC++ Int+3}
rPois   ∞            G - +2 helmet
rElec   +            K - +0 cloak
rCorr   .            j - +1 pair of gloves
SInv    .            r - +1 pair of boots
Will    +....        f - amulet of magic regeneration
Stlth   +            Y - ring "Lock" {MP+9 AC+4 Int+3}
HPRegen 0.36/turn    N - ring of Aqietebla {EV+5 Int+2}
MPRegen 0.66/turn

%: no passive effects
@: flying, glowing
A: sickness immunity, AC +12, big wings, negative energy resistance 1,
electricity resistance, torment resistance 1, petrification resistance
a: Renounce Religion, Unearth Wretches, Torment, Brand Weapon With Pain, Receive
Forbidden Knowledge


You were on level 1 of the Spider Nest.
You worshipped Kikubaaqudgha.
Kikubaaqudgha was exalted by your worship.
You visited 5 branches of the dungeon, and saw 24 of its levels.
You also visited: Sewer and Ossuary.

You collected 2752 gold pieces.
You spent 1556 gold pieces at shops.

Inventory:

Hand Weapons
 h - a +3 war axe
 v - a +2 morningstar of draining (weapon)
 B - a +1 hand axe of flaming
Missiles
 w - 42 poisoned darts
 C - 6 javelins
 Z - 6 boomerangs (quivered)
Armour
 e - an orb of light (worn)
 j - a +1 pair of gloves (worn)
 k - the +4 ring mail of Xom's Esteem (worn) {rC++ Int+3}
   (You bought it in a shop on level 2 of the Orcish Mines)

   Int+3:     It affects your intelligence (+3).
   rC++:      It greatly protects you from cold.
 r - a +1 pair of boots (worn)
 s - a +0 kite shield of fire resistance
 G - a +2 helmet (worn)
 K - a +0 cloak (worn)
Jewellery
 f - an amulet of magic regeneration (around neck)
 p - a +5 ring of evasion
 y - a +5 ring of evasion
 N - the ring of Aqietebla (right hand) {EV+5 Int+2}
   (You found it on level 9 of the Dungeon)

   [ring of evasion]

   EV+5:      It affects your evasion (+5).
   Int+2:     It affects your intelligence (+2).
 U - a ring of protection from fire
 Y - the ring "Lock" (left hand) {MP+9 AC+4 Int+3}
   (You found it on level 14 of the Dungeon)

   [ring of protection]

   AC+4:      It affects your AC (+4).
   Int+3:     It affects your intelligence (+3).
   MP+9:      It affects your magic capacity (+9).
Scrolls
 c - a scroll of fear
 d - 4 scrolls of immolation
 t - 3 scrolls of torment
 u - 6 scrolls of identify
 z - 5 scrolls of silence
 D - a scroll of teleportation
 E - 5 scrolls of noise
 F - 4 scrolls of fog
 I - 2 scrolls of revelation
 M - a scroll of summoning
 P - a scroll of enchant weapon
 R - 2 scrolls of brand weapon
 X - 2 scrolls of poison
Potions
 a - 5 potions of mutation
 b - 11 potions of enlightenment
 g - 3 potions of ambrosia
 i - 3 potions of might
 m - 4 potions of haste
 n - 4 potions of brilliance
 o - 4 potions of curing
 q - 5 potions of attraction
 x - a potion of heal wounds
 A - 2 potions of resistance
 O - 4 potions of lignification
 Q - a potion of invisibility
 S - 2 potions of berserk rage
Miscellaneous
 J - a sack of spiders


   Skills:
 + Level 10.7 Fighting
 + Level 4.6(8.8) Axes
 + Level 12.6(13.0) Maces & Flails
 * Level 4.9 Throwing
 * Level 11.5 Armour
 + Level 7.7 Dodging
 + Level 3.9 Stealth
 * Level 5.9 Shields
 * Level 9.8 Spellcasting
 - Level 3.3 Conjurations
 * Level 8.3 Necromancy
 - Level 8.8 Earth Magic
 * Level 8.1 Evocations


You had 22 spell levels left.
You knew the following spells:

 Your Spells              Type           Power      Damage    Failure   Level
a - Vampiric Draining     Necr           51%        2d9       1%          3
b - Searing Ray           Conj           54%        2d6       3%          2
c - Passwall              Erth           52%        N/A       1%          3
d - Animate Dead          Necr           51%        N/A       2%          4

Your spell library contained the following spells:

 Spells                   Type           Power      Damage    Failure   Level
 Kiss of Death            Conj/Necr      100%       2d13      1%          1
 Magic Dart               Conj           100%       1d8       1%          1
 Necrotise                Necr           100%       1d9       1%          1
 Fugue of the Fallen      Necr           51%        N/A       1%          3
 Dispel Undead            Necr           51%        3d19      2%          4
 Shock                    Conj/Air       76%        1d7       4%          1
 Momentum Strike          Conj/Tloc      38%        3d9       6%          2
 Borgnjor's Vile Clutch   Necr/Erth      26%        N/A       6%          5
 Lee's Rapid Deconstruct  Erth           26%        3d14*     6%          5
 Curse of Agony           Necr           51%        N/A       7%          5
 Ensorcelled Hibernation  Hex/Ice        22%        N/A       12%         2
 Mercury Vapours          Alch/Air       22%        N/A       12%         2
 Scorch                   Fire           22%        2d5       12%         2
 Dazzling Flash           Conj/Hex       38%        N/A       12%         3
 Hailstorm                Conj/Ice       19%        3d7       12%         3
 Animate Armour           Summ/Erth      64%        N/A       13%         4
 Petrify                  Alch/Erth      32%        N/A       13%         4
 Anguish                  Hex/Necr       15%        N/A       14%         4
 Martyr's Knell           Necr/Summ      31%        N/A       14%         4
 Mephitic Cloud           Conj/Alch/Air  17%        N/A       16%         3
 Summon Ice Beast         Ice/Summ       11%        N/A       24%         3
 Swiftness                Air            11%        N/A       24%         3
 Volatile Blastmotes      Fire/Tloc      22%        2d11      24%         3
 Flame Wave               Conj/Fire      19%        2d7       36%         4
 Fulminant Prism          Conj/Alch      9%         3d7       36%         4
 Death Channel            Necr           25%        N/A       36%         6
 Iskenderun's Battlesphe  Conj           27%        2d8       50%         5
 Airstrike                Air            5%         2d(1-17)  61%         4
 Cause Fear               Hex            5%         N/A       61%         4
 Ignite Poison            Fire/Alch      11%        N/A       61%         4
 Olgreb's Toxic Radiance  Alch           11%        N/A       61%         4
 Summon Lightning Spire   Summ/Air       11%        N/A       61%         4
 Fireball                 Conj/Fire      9%         3d6       73%         5
 Irradiate                Conj/Alch      9%         3d14      73%         5
 Freezing Cloud           Conj/Ice/Air   8%         6-21      80%         5
 Silence                  Hex/Air        5%         N/A       91%         5
 Summon Forest            Summ/Tloc      5%         N/A       91%         5
 Conjure Ball Lightning   Conj/Air       9%         3x3d6     99%         6
 Starburst                Conj/Fire      9%         6d5       99%         6
 Eringya's Noxious Bog    Alch           5%         4d6       100%        6
 Sculpt Simulacrum        Ice/Alch       5%         N/A       100%        6
 Summon Cactus Giant      Summ           5%         N/A       100%        6
 Enfeeble                 Hex            5%         N/A       100%        7
 Ozocubu's Refrigeration  Ice            5%         4d8       100%        7
 Summon Hydra             Summ           5%         N/A       100%        7
 Discord                  Hex            5%         N/A       100%        8
 Disjunction              Tloc           5%         N/A       100%        8
 Maxwell's Capacitive Co  Air            5%         ∞         100%        8
 Dragon's Call            Summ           5%         N/A       100%        9
 Sublimation of Blood     Necr           Unusable   N/A       N/A         2
 Cigotuvi's Dreadful Rot  Necr/Alch/Air  Unusable   N/A       N/A         2

Dungeon Overview and Level Annotations

Branches:
Dungeon (15/15)            Temple (1/1) D:4            Lair (5/5) D:9
 Shoals (0/4) Lair:3       Spider (1/4) Lair:2        Slime (0/5) Lair:4
    Orc (2/2) D:10            Elf (0/3) Orc:2        Vaults (0/5) D:14
 Depths (0/4) D:15          Sewer (visited)         Ossuary (visited)

Altars:
Ashenzari
Cheibriados
Dithmenos
Elyvilon
Fedhas
Gozag
Hepliaklqana
Kikubaaqudgha
Makhleb
Nemelex Xobeh
Okawaru
Qazlal
Ru
Sif Muna
Trog
Uskayaw
Vehumet
Wu Jian
Xom
Yredelemnul
Zin
The Shining One
Jiyva

Shops:
D:1 [   D:3 *   D:4 [([   D:5 =   D:8 [   Orc:2 :?[!

Portals:
Hell: Lair:5
Abyss: D:7

Annotations:
D:3 + shop
D:7 1 transporter, cfcfcfcfcf's ghost, novice TeBr


Innate Abilities, Weirdness & Mutations

You are immune to sickness and miasma.
Your stone body is resilient. (AC +12)
You are immune to poison.
Your large and strong wings let you fly.
You resist negative energy. (rN+)
You are resistant to electric shocks. (rElec)
You are resistant to unholy torment.
You are immune to petrification.


Message History

You feel much better. The meliai misses you.
The meliai stings you but does no damage.
The meliai hits you but does no damage. The meliai closely misses you.
The meliai hits you with a +0 war axe.
* * * LOW HITPOINT WARNING * * *
The meliai stings you but does no damage.
The jumping spider leaps!
The meliai completely misses you.
The meliai stings you but does no damage.
The meliai closely misses you. x2
The meliai invokes the aid of its god against you.
Something smites you!
* * * LOW HITPOINT WARNING * * *
Cast which spell? (? or * to list)
Aiming: Passwall (safe; 1% risk of failure)
Press: ? - help, Dir - move target You can't see that place.
The meliai closely misses you. The meliai barely misses you.
The meliai hits you but does no damage. The meliai barely misses you.
The meliai hits you but does no damage. The meliai barely misses you.
The jumping spider leaps!
The meliai hits you but does no damage. The meliai misses you.
The meliai hits you with a +0 hand axe.
* * * LOW HITPOINT WARNING * * *
The meliai closely misses you. The meliai misses you.
The meliai stings you but does no damage.
You begin to meditate on the wall.
You continue meditating on the rock.
The meliai completely misses you.
The meliai stings you but does no damage.
The meliai barely misses you. The meliai completely misses you.
The meliai hits you with a +0 war axe!
* * * LOW HITPOINT WARNING * * *
The meliai stings you but does no damage.
The meliai hits you but does no damage.
The meliai stings you but does no damage.
The meliai hits you but does no damage. The meliai barely misses you.
The meliai completely misses you. x2
You continue meditating on the rock.
The meliai mumbles some strange prayers to its god against you.
Something smites you!
You die...
Kikubaaqudgha rasps: "You have failed me!
Welcome... oblivion!"

.#..###≈# ..#
.#.|#..##..##
##..#..##..#..
#~##.....##(.##
#####...##..s..
##.....#..#...#####
#≈#..#.#..#....#..###.#..
#≈≈..#≈#..# #.y.#s~s...s
#≈≈#..#.... #@y..#
###...##...###y#°.##
##..#..#..>###...#
###..##.###..###.#.~#
##.##..##≈......~~####
##....^...##..#..###
#......#...##.#...#
#.##...#.#..####.##
###..##≈##...# ###


You could see 3 jumping spiders and 3 meliai.

Vanquished Creatures
  An ironbound preserver (D:14)
  The ghost of Atanap the Skirmisher, a journeyman OpSh of Gozag (Lair:3)
  An ettin (D:14)
  Erolcha (Orc:2)
  An ogre mage (Orc:2)
  9 hydras
  3 two-headed ogres
  2 boulder beetles
  A centaur warrior (D:15)
  6 tengu warriors
  A demonic crawler (Spider:1)
  6 death yaks
  An occultist (D:15)
  A sun demon (Lair:5)
  A deep elf knight (D:14)
  Nergalle (D:10)
  Amaemon (Lair:2)
  Lodul (D:14)
  An arcanist (Lair:5)
  A sun moth (Lair:2)
  4 lindwurms
  A steelbarb worm (Spider:1)
  An orc knight (Orc:1)
  9 orc sorcerers
  A necromancer (D:15)
  A deep elf pyromancer (D:14)
  13 ugly things
  Maurice (D:7)
  3 manticores
  A faun (D:14)
  An oklob plant (D:11)
  A moth of wrath (Spider:1)
  8 cyclopes
  3 kobold blastminers
  A meliai (shapeshifter) (D:14)
  4 elephants (Lair:5)
  4 black mambas
  2 orange demons (Lair:5)
  15 cane toads
  A gargoyle (D:14)
  5 rime drakes
  An unseen horror (D:13)
  2 kobold demonologists (D:10)
  8 komodo dragons
  2 efreet (D:14)
  4 torpor snails
  2 ice devils (Lair:5)
  A tengu conjurer (D:14)
  5 trolls
  3 polar bears
  2 hornets (D:11)
  A tarantella (Lair:2)
  4 blink frogs (Lair:2)
  3 dream sheep
  17 slime creatures
  5 wraiths
  A jumping spider (Spider:1)
  3 shadows (D:11)
  Sigmund (D:6)
  4 wyverns
  3 culicivoras (Spider:1)
  3 vampires
  35 yaks
  A golden eye (shapeshifter) (D:14)
  3 basilisks
  2 wargs
  3 steam dragons
  7 vampire mosquitoes
  A redback (Spider:1)
  The ghost of Doomgape the Sneak, an amateur KoBr (D:3)
  2 small abominations (D:7)
  3 acid dragons
  Duvessa (D:6)
  14 water moccasins
  4 hell hounds (Lair:5)
  20 orc warriors
  2 black bears
  3 ice beasts
  2 laughing skulls (D:13)
  12 centaurs
  19 ogres
  11 wolves
  7 kobold brigands
  Blork the orc (D:6)
  7 bullfrogs
  2 gnoll sergeants (D:7)
  9 scorpions
  A burial acolyte (D:5)
  8 wights
  Dowan (D:6)
  5 killer bees (D:9)
  An oklob sapling (D:11)
  8 howler monkeys
  6 centaur zombies (Ossuary)
  2 human zombies (Ossuary)
  4 jellies
  A hound (D:11)
  16 orc priests
  3 bombardier beetles
  2 gnoll boudas
  A scorpion zombie (Ossuary)
  2 sleepcaps
  2 iguanas
  27 orc wizards
  8 hell rats (Lair:2)
  3 hound zombies (D:5)
  3 mummies (Ossuary)
  9 adders
  19 gnolls
  11 river rats
  2 shadow imps (D:5)
  A white imp (D:8)
  4 adder zombies (Ossuary)
  A dart slug (D:5)
  2 ribbon worms (Lair:2)
  70 orcs
  12 endoplasms
  5 giant cockroaches
  4 gnoll zombies
  4 goblins
  5 hobgoblins
  9 jackals
  10 quokkas
  12 ball pythons
  3 ball python zombies (Ossuary)
  2 bats (D:1)
  4 frilled lizards
  3 jackal zombies (Ossuary)
  34 kobolds
  A kobold zombie (D:5)
  2 orc zombies (Ossuary)
  A quokka zombie (D:6)
  13 rats
  A rat zombie (D:6)
  A spectral orc (D:5)
717 creatures vanquished.

Vanquished Creatures (collateral kills)
  Josephine (Lair:4)
  2 hydras
  A death yak (Lair:5)
  Sonja (Lair:4)
  A skyshark (Lair:4)
  A lindwurm (Lair:5)
  An orc sorcerer (Orc:2)
  3 black mambas
  2 elephants (Lair:5)
  2 orange demons
  4 cane toads
  2 rime drakes
  8 komodo dragons
  A hellwing (Lair:5)
  4 dream sheep
  A blink frog (Lair:2)
  A slime creature (D:13)
  9 yaks
  A wyvern (Lair:4)
  2 wraiths (Lair:4)
  A basilisk (Lair:5)
  6 water moccasins
  A hell hound (Lair:5)
  An ogre (Orc:2)
  4 wolves
  A scorpion (Lair:2)
  2 orc wizards (Orc:2)
  A hell rat (Lair:2)
  2 orc zombies (Orc:2)
  2 quokkas (Lair:2)
  6 rats (Lair:2)
  A butterfly (Lair:3)
76 creatures vanquished.

Vanquished Creatures (others)
  A cane toad (Lair:5)
  A hydra zombie (Lair:5)
  A slime creature zombie (D:13)
  A basilisk (Lair:5)
  3 cane toad zombies
  An elephant zombie (Lair:5)
  A centaur (D:11)
  A komodo dragon zombie (Lair:4)
  A water moccasin zombie (Lair:5)
  11 yak zombies
  4 wolf zombies (Lair:4)
  A basilisk zombie (Lair:5)
  A bullfrog zombie (Lair:2)
  7 ogre zombies
  9 orc zombies (Orc:2)
  A quokka zombie (Lair:2)
  A rat zombie (Lair:2)
46 creatures vanquished.

Grand Total: 839 creatures vanquished

Notes
Turn   | Place    | Note
-------+----------+-------------------------------------------
     0 | D:1      | ioannis32 the Gargoyle Reaver began the quest for the Orb.
     0 | D:1      | Reached XP level 1. HP: 12/12 MP: 3/3
   140 | D:1      | Reached XP level 2. HP: 16/17 MP: 5/5
   207 | D:1      | Reached skill level 1 in Armour
   913 | D:1      | Found Yceji's Armour Emporium.
  1249 | D:2      | Reached XP level 3. HP: 18/22 MP: 6/6
  1333 | D:2      | Found a glowing golden altar of the Shining One.
  1552 | D:2      | Learned a level 2 spell: Searing Ray
  2291 | D:3      | Found a runed translucent door.
  2292 | D:3      | Noticed Doomgape's ghost (amateur KoBr)
  2357 | D:3      | Found Xarojil's General Store.
  2723 | D:4      | Reached XP level 4. HP: 18/27 MP: 7/7
  2758 | D:3      | Reached XP level 5. HP: 23/31 MP: 9/9
  2837 | D:4      | Reached skill level 1 in Necromancy
  2871 | D:4      | Reached skill level 4 in Maces & Flails
  2884 | D:4      | Found Soan's Antique Weapon Shoppe.
  2894 | D:4      | Found Woento's Armour Shoppe.
  2919 | D:4      | Bought a runed morningstar for 140 gold pieces
  2956 | D:4      | Noticed an animated storm dragon scales
  2958 | D:4      | Found Vuad's Armour Boutique.
  2960 | D:4      | Noticed an animated gold dragon scales
  2974 | D:4      | Found a staircase to the Ecumenical Temple.
  2980 | Temple   | Entered the Ecumenical Temple
  3206 | D:4      | Found a stormy altar of Qazlal.
  3208 | D:4      | Found a blossoming altar of Fedhas.
  3418 | D:3      | Reached XP level 6. HP: 27/36 MP: 10/10
  3819 | D:5      | Entered Level 5 of the Dungeon
  3839 | D:5      | Found a sacrificial altar of Ru.
  3848 | D:5      | Found a shadowy altar of Dithmenos.
  3853 | D:5      | Noticed a water moccasin
  3860 | D:5      | Killed a water moccasin
  3924 | D:5      | Found a hazy altar of Hepliaklqana.
  3948 | D:5      | Found an ancient bone altar of Kikubaaqudgha.
  3964 | D:5      | Reached XP level 7. HP: 39/41 MP: 11/11
  4046 | D:5      | Reached skill level 5 in Maces & Flails
  4071 | D:5      | Found a glowing drain.
  4090 | Sewer    | Entered a sewer
  4302 | Sewer    | Found a white marble altar of Elyvilon.
  4442 | D:5      | Found a sparkling altar of Nemelex Xobeh.
  4450 | D:5      | Found Vusiz's Jewellery Boutique.
  4500 | D:5      | Reached XP level 8. HP: 40/46 MP: 13/13
  4564 | D:5      | Reached skill level 6 in Maces & Flails
  4932 | D:5      | Became a worshipper of Kikubaaqudgha
  4981 | D:6      | Noticed Blork the orc
  4998 | D:6      | Killed Blork the orc
  5073 | D:6      | Got the Discourse on the Vehement Wendigo
  5204 | D:6      | Found a sand-covered staircase.
  5212 | Ossuary  | Entered an ossuary
  5337 | Ossuary  | Reached skill level 7 in Maces & Flails
  5337 | Ossuary  | Reached XP level 9. HP: 51/52 MP: 15/15
  5409 | Ossuary  | Reached * piety under Kikubaaqudgha
  5409 | Ossuary  | Received a gift from Kikubaaqudgha
  5435 | Ossuary  | Reached skill level 5 in Armour
  5874 | D:6      | Noticed Sigmund
  5882 | D:6      | Killed Sigmund
  5883 | D:6      | Reached skill level 1 in Throwing
  6069 | D:3      | Killed Doomgape's ghost
  6070 | D:3      | Reached skill level 5 in Spellcasting
  6238 | D:7      | Noticed Duvessa
  6238 | D:7      | Noticed Dowan
  6243 | D:6      | Killed Duvessa
  6245 | D:6      | Killed Dowan
  6384 | D:7      | Found a hide-covered altar of Uskayaw.
  6393 | D:7      | Reached skill level 8 in Maces & Flails
  6550 | D:7      | Reached ** piety under Kikubaaqudgha
  6634 | D:7      | Noticed Maurice
  6638 | D:7      | Maurice stole a ring of flight
  6643 | D:7      | Maurice stole a +1 hand axe of flaming
  6649 | D:7      | Killed Maurice
  6650 | D:7      | Reached skill level 5 in Fighting
  6650 | D:7      | Reached XP level 10. HP: 26/59 MP: 15/18
  6787 | D:7      | Found a transporter.
  6823 | D:7      | Found a transporter.
  6859 | D:7      | Found a one-way gate to the infinite horrors of the Abyss.
  6859 | D:7      | Noticed cfcfcfcfcf's ghost (novice TeBr)
  6927 | D:7      | Reached skill level 9 in Maces & Flails
  7641 | D:8      | Found Texozi's Armour Boutique.
  7644 | D:8      | Reached skill level 1 in Evocations
  7658 | D:8      | Identified the +1 leather armour "Tanuiseb" {rPois rC+}
  7926 | D:8      | Found an iron altar of Okawaru.
  8065 | D:8      | Reached skill level 1 in Stealth
  8074 | D:8      | Reached *** piety under Kikubaaqudgha
  8074 | D:8      | Received a gift from Kikubaaqudgha
  8254 | D:9      | Found a staircase to the Lair.
  8276 | D:9      | Reached skill level 10 in Maces & Flails
  8653 | D:9      | Reached XP level 11. HP: 64/64 MP: 20/20
  8662 | D:9      | Reached skill level 5 in Necromancy
  8751 | D:9      | Learned a level 3 spell: Vampiric Draining
  8877 | D:9      | Reached **** piety under Kikubaaqudgha
  8927 | D:9      | Learned a level 3 spell: Passwall
  9411 | D:9      | Reached skill level 1 in Earth Magic
  9559 | D:9      | Identified the ring of Aqietebla {EV+5 Int+2}
  9924 | D:10     | Entered Level 10 of the Dungeon
 10211 | D:10     | Noticed Nergalle
 10217 | D:10     | Noticed a spectral orc warlord
 10246 | D:10     | Killed Nergalle
 10255 | D:10     | Found a radiant altar of Vehumet.
 10345 | D:10     | Found a staircase to the Orcish Mines.
 10361 | Orc:1    | Entered Level 1 of the Orcish Mines
 10637 | Orc:1    | Noticed an orc sorcerer
 10727 | Orc:1    | Paralysed by an orc sorcerer for 5 turns
 10735 | Orc:1    | Noticed a sun demon
 10740 | D:10     | Killed an orc sorcerer
 10850 | Orc:1    | Reached skill level 11 in Maces & Flails
 11222 | Orc:1    | Reached ***** piety under Kikubaaqudgha
 11944 | Orc:2    | Entered Level 2 of the Orcish Mines
 11978 | Orc:2    | Noticed an orc knight
 12241 | D:10     | Noticed a two-headed ogre
 12251 | D:10     | Killed a two-headed ogre
 12252 | D:10     | Reached XP level 12. HP: 30/71 MP: 20/22
 13026 | D:10     | Found a shimmering altar of Xom.
 13027 | D:10     | Found an opulent altar of Gozag.
 13067 | D:10     | You fall into a shaft and drop 2 floors!
 13417 | D:12     | Noticed a two-headed ogre
 13424 | D:12     | Killed a two-headed ogre
 14153 | D:11     | Noticed a two-headed ogre
 14163 | D:11     | Killed a two-headed ogre
 14912 | D:11     | Reached skill level 5 in Dodging
 15367 | D:11     | Learned a level 4 spell: Animate Dead
 15997 | D:13     | Reached skill level 5 in Earth Magic
 16390 | D:13     | Reached XP level 13. HP: 76/76 MP: 24/24
 16437 | D:13     | Identified the +4 leather armour of Calculation {Rampage
                  | rN+ Will++ MP-9}
 16558 | D:13     | Reached skill level 12 in Maces & Flails
 16746 | D:13     | Reached skill level 5 in Evocations
 17142 | D:14     | Reached skill level 1 in Axes
 17770 | D:14     | Found a gate to the Vaults.
 18000 | D:14     | Identified the ring "Lock" {MP+9 AC+4 Int+3}
 18077 | D:14     | Noticed Lodul
 18121 | D:14     | Reached ****** piety under Kikubaaqudgha
 18310 | D:14     | Noticed an ironbound preserver
 19090 | Orc:2    | Found a staircase to the Elven Halls.
 19325 | Orc:2    | Found Lewkuel's Distillery.
 19351 | Orc:2    | Found a radiant altar of Vehumet.
 19351 | Orc:2    | Noticed Erolcha
 19664 | Orc:2    | Bought a potion of berserk rage for 65 gold pieces
 19664 | Orc:2    | Bought a potion of curing for 39 gold pieces
 19664 | Orc:2    | Bought a potion of mutation for 104 gold pieces
 19664 | Orc:2    | Bought a potion of might for 52 gold pieces
 19664 | Orc:2    | Bought a potion of heal wounds for 65 gold pieces
 19664 | Orc:2    | Bought a potion of heal wounds for 65 gold pieces
 19664 | Orc:2    | Bought a potion of attraction for 39 gold pieces
 19694 | Orc:2    | Found an ancient bone altar of Kikubaaqudgha.
 19900 | Orc:2    | Found Mur Cad's Antique Armour Emporium.
 19943 | Orc:2    | Killed Erolcha
 19991 | Orc:2    | Bought a brightly glowing kite shield for 218 gold pieces
 19991 | Orc:2    | Identified the -1 kite shield "Himid" {rC+ Will+ Regen+
                  | Int+2} (You bought it in a shop on level 2 of the Orcish
                  | Mines)
 20041 | Orc:2    | Bought a potion of ambrosia for 104 gold pieces
 20041 | Orc:2    | Bought 2 potions of lignification for 78 gold pieces
 20041 | Orc:2    | Bought 2 potions of attraction for 78 gold pieces
 20075 | Orc:2    | Found Soats's Magic Scroll Shoppe.
 20079 | Orc:2    | Gained mutation: Your large and strong wings let you fly.
                  | [Gargoyle growth]
 20079 | Orc:2    | Reached XP level 14. HP: 84/84 MP: 26/26
 20085 | Orc:2    | Found Ceokofis's Book Shoppe.
 20102 | Orc:2    | Bought a scroll of teleportation for 33 gold pieces
 20102 | Orc:2    | Bought a scroll of identify for 22 gold pieces
 20102 | Orc:2    | Bought a scroll of enchant weapon for 82 gold pieces
 20102 | Orc:2    | Bought 3 scrolls of immolation for 132 gold pieces
 20102 | Orc:2    | Bought a scroll of teleportation for 33 gold pieces
 20561 | Lair:1   | Entered Level 1 of the Lair of Beasts
 20845 | Lair:1   | Reached skill level 1 in Shields
 20925 | Lair:1   | Reached skill level 10 in Armour
 21753 | Lair:2   | Noticed Amaemon
 21776 | Lair:2   | Killed Amaemon
 21975 | Lair:2   | Found a hole to the Spider Nest.
 23616 | Lair:3   | Identified the +1 long sword "Lukuan" {pain, *Slow rElec
                  | MP+9 Dex-2}
 23757 | Lair:3   | Found a staircase to the Shoals.
 24069 | Lair:4   | Found a staircase to the Slime Pits.
 24070 | Lair:4   | Found a viscous altar of Jiyva.
 24111 | Lair:4   | Noticed Josephine
 24111 | Lair:4   | Noticed Sonja
 24119 | Lair:4   | Killed Josephine
 24132 | Lair:4   | Killed Sonja
 24387 | Lair:4   | Reached XP level 15. HP: 91/91 MP: 28/28
 24706 | Lair:4   | Noticed Atanap's ghost (journeyman OpSh)
 24708 | Lair:4   | Found a runed translucent gate.
 24709 | Lair:4   | Found a runed translucent gate.
 24709 | Lair:4   | Found a runed translucent gate.
 24774 | Lair:5   | Entered Level 5 of the Lair of Beasts
 25343 | Lair:5   | Reached skill level 10 in Fighting
 25479 | Lair:5   | Identified the +8 whip "Death Rattle" {flame, *Corrode
                  | rPois rC+ Stlth+}
 26238 | Lair:5   | Identified the +2 leather armour "Koirphawn" {Will+ Str+3
                  | Dex+3}
 26728 | Lair:5   | Found a burning altar of Makhleb.
 26774 | Lair:5   | Found a gateway to Hell.
 26865 | Lair:5   | Reached skill level 5 in Shields
 28050 | Lair:3   | Killed Atanap's ghost
 29634 | Orc:2    | Bought an encrusted ring mail for 207 gold pieces
 29634 | Orc:2    | Identified the +4 ring mail of Xom's Esteem {rC++ Int+3}
                  | (You bought it in a shop on level 2 of the Orcish Mines)
 30540 | D:14     | Killed Lodul
 30891 | D:15     | Entered Level 15 of the Dungeon
 31144 | D:15     | Reached XP level 16. HP: 92/98 MP: 29/29
 31857 | D:15     | Found a staircase to the Depths.
 32200 | D:15     | Found a sacrificial altar of Ru.
 32917 | Spider:1 | Entered Level 1 of the Spider Nest
 33194 | Lair:2   | HP: 1/99 [burnt (8)]
 33868 | Spider:1 | HP: 3/99 [meliai/+0 war axe (9)]
 33869 | Spider:1 | Killed from afar by a meliai

Illustrated notes

Levels and vault maps discovered:
D:1:      onia_arrival_mini_maze_b, layout_basic, serial_shops,
          nicolae_shop_stone, minmay_misc_feat_tiny
D:2:      kennysheep_big_flooded_room, layout_basic, basic_altar
D:3:      layout_loops_cross, serial_shops, shop, ebering_ghost_reflecting_pool
D:4:      layout_cave_pools, grunt_temple_overflow_forces_of_nature,
          minmay_temple_entry_hall, serial_shops, nicolae_diamond_shop, shop,
          nicolae_shop_mannequins
D:5:      layout_basic, nicolae_hepliaklqana_monster_ancestors,
          mainiacjoe_overflow_catwalk, regret_index_kikubaaqudgha_part_by_part,
          mainiacjoe_overflow_catwalk_spiral, portal_sewer_entry_f,
          serial_shops, shop
D:6:      layout_cave_pools, enter_ossuary_4, serial_column_ruins,
          column_ruins_hut, column_ruins_open_tiny, column_ruins_open_tiny,
          column_ruins_open_small, uniq_blork_the_orc, uniq_sigmund
D:7:      layout_loops_ring, mainiacjoe_overflow_24_doors,
          gammafunk_ghost_abyssal_escape, uniq_duvessa, uniq_maurice
D:8:      layout_basic, okawaru_metal_pillars_1_2, serial_shops,
          nicolae_shop_window_shopping, special_room [special_room_orc]
D:9:      cheibrodos_steamvent, layout_basic, erik_lair_orcish_takeover,
          minmay_holes
D:10:     layout_stronghold, fiery_altar_vehumet,
          gammafunk_temple_overflow_statue, orc_0_dummy, uniq_nergalle
D:11:     layout_basic, introduction_to_nature_1
D:12:     layout_basic
D:13:     layout_stronghold
D:14:     layout_irregular_city, skrybe_vaults_entry_preservation, uniq_lodul
D:15:     hangedman_depths_entry_civil_slaughter, layout_long_grid,
          nicolae_ru_sacrificial_ziggurat
Temple:   nicolae_temple_bog_church
Lair:1:   hellmonk_ruined_rings, layout_cave_pods, st_stairs_13,
          grunt_forest_stairs_basic
Lair:2:   lemuel_ratsnest, layout_chaotic_city,
          nicolae_spider_entry_non_spiders, pdpol_lair_neglected_garden,
          uniq_amaemon
Lair:3:   layout_roguey, shoals_dummy_entry, st_stairs_13, lemuel_fruit_fields,
          lemuel_fruit_tree
Lair:4:   layout_big_grid, slime_entry_1, gammafunk_ghost_split,
          serial_bayou_shore_a, serial_bayou_shore_b, uniq_josephine, uniq_sonja
Lair:5:   evil_forest, layout_cellular_growth, nicolae_lair_lindhole
Spider:1: layout_spider_delve, hive_lemuel
Orc:1:    nicolae_orc_accident_2, layout_caves, basic_altar
Orc:2:    kennysheep_orc_mage_school, layout_caves

Skill      XL: |  1  2  3  4  5  6  7  8  9 10 11 12 13 14 15 16 |
---------------+-------------------------------------------------+-----
Armour         | 1 2 3 4 5 6 8 9 10 11 | 11.5
Necromancy     | 1 2 3 4 5 6 7 8 |  8.3
Maces & Flails | 4 5 7 8 10 11 12 | 12.6
Dodging        | 2 3 4 5 6 7 |  7.7
Spellcasting   | 3 4 5 6 7 8 9 |  9.8
Fighting       | 3 4 5 6 7 8 9 10 | 10.7
Throwing       | 1 2 4 |  4.9
Evocations     | 2 3 4 6 7 8 |  8.1
Stealth        | 1 2 3 |  3.9
Earth Magic    | 3 5 7 8 |  8.8
Axes           | 2 3 4 |  4.6
Shields        | 3 5 |  5.9
Conjurations   | |  3.3

Action                     |  1- 3 |  4- 6 |  7- 9 | 10-12 | 13-15 | 16-18 || total
---------------------------+-------+-------+-------+-------+-------+-------++-------
  Melee: Mace              |   114 |    42 |       |       |       |       ||   156
         Morningstar       |       |    54 |   283 |   850 |  1051 |   233 ||  2471
         Hand axe          |       |       |     9 |       |   279 |     4 ||   292
         Whip              |       |       |       |       |    37 |       ||    37
  Throw: Dart              |       |       |     9 |    71 |    50 |     7 ||   137
         Boomerang         |       |       |       |       |     7 |     3 ||    10
   Cast: Searing Ray       |       |       |     2 |    12 |     4 |       ||    18
         Vampiric Draining |       |       |       |     3 |     4 |       ||     7
         Animate Dead      |       |       |       |     1 |    23 |       ||    24
         Passwall          |       |       |       |       |       |     1 ||     1
 Invoke: Unearth Wretches  |       |       |       |       |     1 |       ||     1
  Evoke: Wand              |     1 |     6 |     7 |    35 |    50 |     5 ||   104
         Sack of spiders   |       |       |       |       |     1 |       ||     1
    Use: Potion            |     1 |     2 |       |     3 |     8 |     8 ||    22
         Scroll            |       |     1 |     6 |    12 |    16 |     2 ||    37
   Stab: Distracted        |       |       |       |       |     9 |       ||     9
         Paralysed         |       |       |       |       |       |     3 ||     3
 Armour: Leather armour    |    37 |       |       |       |  1058 |       ||  1095
         Ring mail         |    42 |   101 |   209 |       |    56 |   282 ||   690
         Steam dragon scal |       |       |    23 |    47 |       |       ||    70
         Acid dragon scale |       |       |       |   589 |       |       ||   589
  Dodge: Dodged            |    76 |    58 |   203 |   735 |  1379 |   287 ||  2738
